Workbook

Sheet ANTE-POST
B2: FTC: WORLD CUP 2026 | F2: Start Bank (£) | G2: 250 | H2: End Bank (£) | I2: =G2+H28 -> 206.33333
B3: RECORD TRACKING: ANTE-POST SELECTIONS | F3: Staking Points | G3: =E28 -> 15 | H3: End Points | I3: =G3+I28 -> 15.88
B5: MARKET | C5: SELECTION | D5: PRICE | E5: POINTS | F5: STAKE (£) | G5: Win / Loss | H5: Profit/Loss (£) | I5: Profit/Loss (points)
B6: TO REACH SEMI-FINALS | C6: ENGLAND | D6: 2.92 | E6: 2 | F6: =SUM(G2/G3)*E6 -> 33.333333 | H6: =IF(G6="w",(D6-1)*F6,-F6) -> -33.333333 | I6: =IF(G6="w",E6*D6,-E6) -> -2
B7: TO REACH SEMI-FINALS | C7: FRANCE | D7: 2.58 | E7: 2 | F7: =SUM(G2/G3)*E7 -> 33.333333 | H7: =IF(G7="w",(D7-1)*F7,-F7) -> -33.333333 | I7: =IF(G7="w",E7*D7,-E7) -> -2
B8: TO REACH SEMI-FINALS - DOUBLE | C8: ABOVE SELECTIONS | D8: 7.53 | E8: 0.5 | F8: =SUM(G2/G3)*E8 -> 8.3333333 | H8: =IF(G8="w",(D8-1)*F8,-F8) -> -8.3333333 | I8: =IF(G8="w",E8*D8,-E8) -> -0.5
D9: SUB TOTAL | E9: =SUM(E6:E8) -> 4.5 | F9: =SUM(F6:F7) -> 66.666667 | H9: =SUM(H6:H7) -> -66.666667 | I9: =SUM(I6:I8) -> -4.5
B11: GROUP A - WINNER | C11: MEXICO | D11: 1.92 | E11: 1 | F11: =SUM(G2/G3)*E11 -> 16.666667 | G11: W | H11: =IF(G11="w",(D11-1)*F11,-F11) -> 15.333333 | I11: =IF(G11="w",E11*D11,-E11) -> 1.92
B12: GROUP B - WINNER | C12: SWITZERLAND | D12: 1.81 | E12: 1 | F12: =SUM(G2/G3)*E12 -> 16.666667 | G12: W | H12: =IF(G12="w",(D12-1)*F12,-F12) -> 13.5 | I12: =IF(G12="w",E12*D12,-E12) -> 1.81
B13: GROUP F - WINNER | C13: NETHERLANDS | D13: 1.82 | E13: 1 | F13: =SUM(G2/G3)*E13 -> 16.666667 | G13: W | H13: =IF(G13="w",(D13-1)*F13,-F13) -> 13.666667 | I13: =IF(G13="w",E13*D13,-E13) -> 1.82
B14: GROUP WINNER - ACCUMULATOR | C14: ABOVE SELECTIONS | D14: 6.33 | E14: 1 | F14: =SUM(G2/G3)*E14 -> 16.666667 | G14: W | H14: =IF(G14="w",(D14-1)*F14,-F14) -> 88.833333 | I14: =IF(G14="w",E14*D14,-E14) -> 6.33
D15: Sub Total | E15: =SUM(E11:E14) -> 4 | F15: =SUM(F11:F13) -> 50 | H15: =SUM(H11:H14) -> 131.33333 | I15: =SUM(I11:I14) -> 11.88
B17: FIFA GOLDEN BOOT | C17: KYLIAN MBAPPE (FRANCE) | D17: 7.6 | E17: 1.5 | F17: =SUM(G2/G3)*E17 -> 25 | H17: =IF(G17="w",(D17-1)*F17,-F17) -> -25 | I17: =IF(G17="w",E17*D17,-E17) -> -1.5
B18: FIFA GOLDEN BOOT | C18: HARRY KANE (ENGLAND) | D18: 9.4 | E18: 1 | F18: =SUM(G2/G3)*E18 -> 16.666667 | H18: =IF(G18="w",(D18-1)*F18,-F18) -> -16.666667 | I18: =IF(G18="w",E18*D18,-E18) -> -1
B19: FIFA GOLDEN BOOT | C19: VINICIUS JUNIOR (BRAZIL) | D19: 29 | E19: 1 | F19: =SUM(G2/G3)*E19 -> 16.666667 | H19: =IF(G19="w",(D19-1)*F19,-F19) -> -16.666667 | I19: =IF(G19="w",E19*D19,-E19) -> -1
B20: FIFA GOLDEN BOOT | C20: LAMINE YAMAL (SPAIN) | D20: 36 | E20: 1 | F20: =SUM(G2/G3)*E20 -> 16.666667 | H20: =IF(G20="w",(D20-1)*F20,-F20) -> -16.666667 | I20: =IF(G20="w",E20*D20,-E20) -> -1
D21: Sub Total | E21: =SUM(E17:E19) -> 3.5 | F21: =SUM(F17:F19) -> 58.333333 | H21: =SUM(H17:H19) -> -58.333333 | I21: =SUM(I17:I19) -> -3.5
B23: WC Winner | C23: SPAIN | D23: 6 | E23: 1 | F23: =SUM(G2/G3)*E23 -> 16.666667 | H23: =IF(G23="w",(D23-1)*F23,-F23) -> -16.666667 | I23: =IF(G23="w",E23*D23,-E23) -> -1
B24: WC Winner | C24: FRANCE | D24: 6.2 | E24: 1 | F24: =SUM(G2/G3)*E24 -> 16.666667 | H24: =IF(G24="w",(D24-1)*F24,-F24) -> -16.666667 | I24: =IF(G24="w",E24*D24,-E24) -> -1
B25: WC Winner | C25: BRAZIL | D25: 10.5 | E25: 1 | F25: =SUM(G2/G3)*E25 -> 16.666667 | H25: =IF(G25="w",(D25-1)*F25,-F25) -> -16.666667 | I25: =IF(G25="w",E25*D25,-E25) -> -1
D26: Sub Total | E26: =SUM(E23:E25) -> 3 | F26: =SUM(F23:F25) -> 50 | H26: =SUM(H23:H25) -> -50 | I26: =SUM(I23:I25) -> -3
B28: All prices quoted from Betfair Exchange, 01/06/26, 15.00 GMT | D28: Totals | E28: =SUM(E9+E15+E21+E26) -> 15 | F28: =SUM(F9+F15+F21+F26) -> 225 | H28: =SUM(H9+H15+H21+H26) -> -43.666667 | I28: =SUM(I9+I15+I21+I26) -> 0.88

Sheet FTR - Results
G2: Results Tracker: KPI Dashboard | H2: Start Bank (Points) | I2: 75 | J2: Current Bank (Points) | K2: =N46+I2 -> 106.687 | L2: Total Points Staked | N2: =I46 -> 100
H3: Start Date | I3: 46184 | J3: PnL (Points +/-) | K3: =K2-I2 -> 31.687 | L3: Return on Investment % (ROI) | N3: =K3/N2*100 -> 31.687
H4: Active Days | I4: =COUNTA(E7:E34) -> 20 | J4: Bank Growth (+/- %) | K4: =K3/I2*100 -> 42.249333 | L4: Return on Capital % (ROC) | N4: =K3/I2*100 -> 42.249333
B6: Day | C6: Date | D6: Stage | E6: Match | F6: Market | G6: Selection | H6: Price | I6: Points | J6: FT Result | K6: W/D/L | L6: Points (+/-) | M6: BF Comm | N6: Total Points
B7: 1 | C7: =I3 -> 46184 | D7: GROUP | E7: MEXICO V REPUBLIC SOUTH AFRICA | F7: ASIAN HANDICAP | G7: MEXICO -1 | H7: 1.76 | I7: 5 | J7: 2-0 | K7: W | L7: =IF(K7="w",(H7-1)*I7,-I7) -> 3.8 | M7: =IF(K7="w",(L7/100*2),0) -> 0.076 | N7: =L7-M7 -> 3.724
B8: 2 | C8: =C7+1 -> 46185 | D8: GROUP | E8: CANADA V BOSNIA & HERZEGOVINA | F8: MATCH ODDS | G8: CANADA | H8: 1.9 | I8: 5 | J8: 1-1 | K8: L | L8: =IF(K8="w",(H8-1)*I8,-I8) -> -5 | M8: =IF(K8="w",(L8/100*2),0) -> 0 | N8: =L8-M8 -> -5
B9: 3 | C9: =C8+1 -> 46186 | D9: GROUP | E9: QATAR V SWITZERLAND | F9: MO & BTTS | G9: SWITZERLAND & NO | H9: 1.86 | I9: 5 | J9: 1-1 | K9: L | L9: =IF(K9="w",(H9-1)*I9,-I9) -> -5 | M9: =IF(K9="w",(L9/100*2),0) -> 0 | N9: =L9-M9 -> -5
B10: 4 | C10: =C9+1 -> 46187 | D10: GROUP | E10: NETHERLANDS V JAPAN | F10: ASIAN HANDICAP | G10: JAPAN +0.5 | H10: 1.89 | I10: 5 | J10: 2-2 | K10: W | L10: =IF(K10="w",(H10-1)*I10,-I10) -> 4.45 | M10: =IF(K10="w",(L10/100*2),0) -> 0.089 | N10: =L10-M10 -> 4.361
B11: 5 | C11: =C10+1 -> 46188 | D11: GROUP | E11: BELGIUM V EGYPT | F11: ASIAN HANDICAP | G11: BELGIUM -1 | H11: 2.1 | I11: 5 | J11: 1-1 | K11: L | L11: =IF(K11="w",(H11-1)*I11,-I11) -> -5 | M11: =IF(K11="w",(L11/100*2),0) -> 0 | N11: =L11-M11 -> -5
B12: 6 | C12: =C11+1 -> 46189 | D12: GROUP | E12: FRANCE V SENEGAL | F12: ASIAN HANDICAP | G12: FRANCE -1 | H12: 1.88 | I12: 5 | J12: 3-1 | K12: W | L12: =IF(K12="w",(H12-1)*I12,-I12) -> 4.4 | M12: =IF(K12="w",(L12/100*2),0) -> 0.088 | N12: =L12-M12 -> 4.312
B13: 7 | C13: =C12+1 -> 46190 | D13: GROUP | E13: ENGLAND V CROATIA | F13: ASIAN HANDICAP | G13: ENGLAND -1 | H13: 2.38 | I13: 5 | J13: 4-2 | K13: W | L13: =IF(K13="w",(H13-1)*I13,-I13) -> 6.9 | M13: =IF(K13="w",(L13/100*2),0) -> 0.138 | N13: =L13-M13 -> 6.762
B14: 8 | C14: =C13+1 -> 46191 | D14: GROUP | E14: SWITZERLAND V BOSNIA | F14: ASIAN HANDICAP | G14: SWITZERLAND -1 | H14: 2.01 | I14: 5 | J14: 4-1 | K14: W | L14: =IF(K14="w",(H14-1)*I14,-I14) -> 5.05 | M14: =IF(K14="w",(L14/100*2),0) -> 0.101 | N14: =L14-M14 -> 4.949
B15: 9 | C15: =C14+1 -> 46192 | D15: GROUP | E15: USA V AUSTRALIA | F15: ASIAN HANDICAP | G15: USA -1 | H15: 2.12 | I15: 5 | J15: 2-0 | K15: W | L15: =IF(K15="w",(H15-1)*I15,-I15) -> 5.6 | M15: =IF(K15="w",(L15/100*2),0) -> 0.112 | N15: =L15-M15 -> 5.488
B16: 10 | C16: =C15+1 -> 46193 | D16: GROUP | E16: NETHERLANDS V SWEDEN | F16: MO & O/U 2.5 GOALS | G16: NETHERLANDS & OVER | H16: 2.56 | I16: 5 | J16: 5-1 | K16: W | L16: =IF(K16="w",(H16-1)*I16,-I16) -> 7.8 | M16: =IF(K16="w",(L16/100*2),0) -> 0.156 | N16: =L16-M16 -> 7.644
B17: 11 | C17: =C16+1 -> 46194 | D17: GROUP | E17: BELGIUM V IRAN | F17: ASIAN HANDICAP | G17: BELGIUM -1.5 | H17: 2.42 | I17: 5 | J17: 0-0 | K17: L | L17: =IF(K17="w",(H17-1)*I17,-I17) -> -5 | M17: =IF(K17="w",(L17/100*2),0) -> 0 | N17: =L17-M17 -> -5
B18: 12 | C18: =C17+1 -> 46195 | D18: GROUP | E18: ARGENTINA V AUSTRIA | F18: MO & O/U 2.5 GOALS | G18: ARGENTINA & OVER | H18: 2.48 | I18: 5 | J18: 2-0 | K18: L | L18: =IF(K18="w",(H18-1)*I18,-I18) -> -5 | M18: =IF(K18="w",(L18/100*2),0) -> 0 | N18: =L18-M18 -> -5
B19: 13 | C19: =C18+1 -> 46196 | D19: GROUP | E19: ENGLAND V GHANA | F19: ENGLAND O/U 2.5 GOALS | G19: OVER | H19: 2 | I19: 5 | J19: 0-0 | K19: L | L19: =IF(K19="w",(H19-1)*I19,-I19) -> -5 | M19: =IF(K19="w",(L19/100*2),0) -> 0 | N19: =L19-M19 -> -5
... B26: 20 | C26: =C25+1 -> 46203 | D26: ROUND OF 32 | E26: IVORY COAST V NORWAY | F26: OVER / UNDER 2.5 GOALS | G26: OVER | H26: 1.94 | I26: 5 | J26: 1-2 | K26: W | L26: =IF(K26="w",(H26-1)*I26,-I26) -> 4.7 | M26: =IF(K26="w",(L26/100*2),0) -> 0.094 | N26: =L26-M26 -> 4.606
B27: 21 | C27: =C26+1 -> 46204 | D27: ROUND OF 32 | L27: =IF(K27="w",(H27-1)*I27,-I27) -> 0 | M27: =IF(K27="w",(L27/100*2),0) -> 0 | N27: =L27-M27 -> 0
B28: 22 | C28: =C27+1 -> 46205 | D28: ROUND OF 32 | L28: =IF(K28="w",(H28-1)*I28,-I28) -> 0 | M28: =IF(K28="w",(L28/100*2),0) -> 0 | N28: =L28-M28 -> 0
B29: 23 | C29: =C28+1 -> 46206 | D29: ROUND OF 32 | L29: =IF(K29="w",(H29-1)*I29,-I29) -> 0 | M29: =IF(K29="w",(L29/100*2),0) -> 0 | N29: =L29-M29 -> 0
B30: 24 | C30: =C29+1 -> 46207 | D30: ROUND OF 16 | L30: =IF(K30="w",(H30-1)*I30,-I30) -> 0 | M30: =IF(K30="w",(L30/100*2),0) -> 0 | N30: =L30-M30 -> 0
B31: 25 | C31: =C30+1 -> 46208 | D31: ROUND OF 16 | L31: =IF(K31="w",(H31-1)*I31,-I31) -> 0 | M31: =IF(K31="w",(L31/100*2),0) -> 0 | N31: =L31-M31 -> 0
B32: 26 | C32: =C31+1 -> 46209 | D32: ROUND OF 16 | L32: =IF(K32="w",(H32-1)*I32,-I32) -> 0 | M32: =IF(K32="w",(L32/100*2),0) -> 0 | N32: =L32-M32 -> 0
B33: 27 | C33: =C32+1 -> 46210 | D33: ROUND OF 16 | L33: =IF(K33="w",(H33-1)*I33,-I33) -> 0 | M33: =IF(K33="w",(L33/100*2),0) -> 0 | N33: =L33-M33 -> 0
B34: 28 | C34: =C33+1 -> 46211 | D34: REST DAY | L34: =IF(K34="w",(H34-1)*I34,-I34) -> 0 | M34: =IF(K34="w",(L34/100*2),0) -> 0 | N34: =L34-M34 -> 0
B35: 29 | C35: =C34+1 -> 46212 | D35: QUARTER FINALS | L35: =IF(K35="w",(H35-1)*I35,-I35) -> 0 | M35: =IF(K35="w",(L35/100*2),0) -> 0 | N35: =L35-M35 -> 0
B36: 30 | C36: =C35+1 -> 46213 | D36: QUARTER FINALS | L36: =IF(K36="w",(H36-1)*I36,-I36) -> 0 | M36: =IF(K36="w",(L36/100*2),0) -> 0 | N36: =L36-M36 -> 0
B37: 31 | C37: =C36+1 -> 46214 | D37: QUARTER FINALS | L37: =IF(K37="w",(H37-1)*I37,-I37) -> 0 | M37: =IF(K37="w",(L37/100*2),0) -> 0 | N37: =L37-M37 -> 0
B38: 32 | C38: =C37+1 -> 46215 | D38: REST DAY | L38: =IF(K38="w",(H38-1)*I38,-I38) -> 0 | M38: =IF(K38="w",(L38/100*2),0) -> 0 | N38: =L38-M38 -> 0
... B45: 39 | C45: =C44+1 -> 46222 | D45: FINAL | L45: =IF(K45="w",(H45-1)*I45,-I45) -> 0 | M45: =IF(K45="w",(L45/100*2),0) -> 0 | N45: =L45-M45 -> 0
I46: =SUM(I7:I45) -> 100 | J46: Pts Staked | K46: PnL | L46: =SUM(L7:L45) -> 33.15 | M46: =SUM(M7:M45) -> 1.463 | N46: =L46-M46 -> 31.687

Sheet FTR - Chart
B2: FOOTBALL TRADING ROOM - FIFA WORLD CUP 2026: DAILY RESULTS
B4: Day | C4: Day Points: Profit / Loss | D4: Bank: Acc Points
B5: 0 | C5: 0 | D5: 0
B6: 1 | C6: ='FTR - Results'!N7 -> 3.724 | D6: =D5+C6 -> 3.724
B7: 2 | C7: ='FTR - Results'!N8 -> -5 | D7: =D6+C7 -> -1.276
B8: 3 | C8: ='FTR - Results'!N9 -> -5 | D8: =D7+C8 -> -6.276
B9: 4 | C9: ='FTR - Results'!N10 -> 4.361 | D9: =D8+C9 -> -1.915
B10: 5 | C10: ='FTR - Results'!N11 -> -5 | D10: =D9+C10 -> -6.915
B11: 6 | C11: ='FTR - Results'!N12 -> 4.312 | D11: =D10+C11 -> -2.603
B12: 7 | C12: ='FTR - Results'!N13 -> 6.762 | D12: =D11+C12 -> 4.159
B13: 8 | C13: ='FTR - Results'!N14 -> 4.949 | D13: =D12+C13 -> 9.108
B14: 9 | C14: ='FTR - Results'!N15 -> 5.488 | D14: =D13+C14 -> 14.596
B15: 10 | C15: ='FTR - Results'!N16 -> 7.644 | D15: =D14+C15 -> 22.24
B16: 11 | C16: ='FTR - Results'!N17 -> -5 | D16: =D15+C16 -> 17.24
B17: 12 | C17: ='FTR - Results'!N18 -> -5 | D17: =D16+C17 -> 12.24
... B44: 39 | C44: ='FTR - Results'!N45 -> 0 | D44: =D43+C44 -> 31.687

Sheet PGX5 - Results
G2: Record Tracking & Stake Calculation | H2: Start Bank (£) | I2: 1000 | N2: Current Bank (£) | O2: =O45 -> 1585.5461
H3: Start Date | I3: ='FTR - Results'!I3 -> 46184 | N3: Growth (£) | O3: =O2-I2 -> 585.54605
H4: Days # | I4: =COUNTA(E7:E45) -> 21 | N4: ROC (%) | O4: =SUM(O2-I2)/I2*100 -> 58.554605
B6: Day | C6: Date | D6: Stage | E6: Match | F6: Market | G6: Selection | H6: Price | I6: Stake | J6: Result | K6: W/L/D | L6: Start Bank | M6: PnL | N6: BF Comm. | O6: End Bank
B7: 1 | C7: =I3 -> 46184 | D7: GROUP | E7: SOUTH KOREA V CZECHIA | F7: MATCH ODDS | G7: DRAW | H7: 3.2 | I7: =L7/16.5 -> 60.606061 | J7: 2-1 | K7: L | L7: =I2 -> 1000 | M7: =IF(K7="w",(H7-1)*I7,-I7) -> -60.606061 | N7: =IF(K7="w",(M7/100*2),0) -> 0 | O7: =L7+M7-N7 -> 939.39394
B8: 2 | C8: =C7+1 -> 46185 | D8: GROUP | E8: USA V PARAGUAY | F8: MATCH ODDS | G8: USA | H8: 2.14 | I8: =L8/16.5 -> 56.932966 | J8: 4-1 | K8: W | L8: =O7 -> 939.39394 | M8: =IF(K8="w",(H8-1)*I8,-I8) -> 64.903581 | N8: =IF(K8="w",(M8/100*2),0) -> 1.2980716 | O8: =L8+M8-N8 -> 1002.9994
B9: 3 | C9: =C8+1 -> 46186 | D9: GROUP | E9: BRAZIL V MOROCCO | F9: BTTS | G9: YES | H9: 2.16 | I9: =L9/16.5 -> 60.787845 | J9: 1-1 | K9: W | L9: =O8 -> 1002.9994 | M9: =IF(K9="w",(H9-1)*I9,-I9) -> 70.513901 | N9: =IF(K9="w",(M9/100*2),0) -> 1.410278 | O9: =L9+M9-N9 -> 1072.1031
B10: 4 | C10: =C9+1 -> 46187 | D10: GROUP | E10: SWEDEN V TUNISIA | F10: BTTS | G10: YES | H10: 2.02 | I10: =L10/16.5 -> 64.975944 | J10: 5-1 | K10: W | L10: =O9 -> 1072.1031 | M10: =IF(K10="w",(H10-1)*I10,-I10) -> 66.275463 | N10: =IF(K10="w",(M10/100*2),0) -> 1.3255093 | O10: =L10+M10-N10 -> 1137.053
B11: 5 | C11: =C10+1 -> 46188 | D11: GROUP | E11: SAUDI ARABIA V URUGUAY | F11: O/U 2.5 GOALS | G11: UNDER | H11: 1.82 | I11: =L11/16.5 -> 68.912305 | J11: 1-1 | K11: W | L11: =O10 -> 1137.053 | M11: =IF(K11="w",(H11-1)*I11,-I11) -> 56.50809 | N11: =IF(K11="w",(M11/100*2),0) -> 1.1301618 | O11: =L11+M11-N11 -> 1192.431
B12: 6 | C12: =C11+1 -> 46189 | D12: GROUP | E12: IRAQ V NORWAY | F12: MO & O/U 2.5 GOALS | G12: NORWAY & OVER | H12: 1.82 | I12: =L12/16.5 -> 72.268543 | J12: 1-4 | K12: W | L12: =O11 -> 1192.431 | M12: =IF(K12="w",(H12-1)*I12,-I12) -> 59.260205 | N12: =IF(K12="w",(M12/100*2),0) -> 1.1852041 | O12: =L12+M12-N12 -> 1250.506
B13: 7 | C13: =C12+1 -> 46190 | D13: GROUP | E13: PORTUGAL V DR CONGO | F13: ASIAN HANDICAP | G13: PORTUGAL -1.5 | H13: 1.96 | I13: =L13/16.5 -> 75.78824 | J13: 1-1 | K13: L | L13: =O12 -> 1250.506 | M13: =IF(K13="w",(H13-1)*I13,-I13) -> -75.78824 | N13: =IF(K13="w",(M13/100*2),0) -> 0 | O13: =L13+M13-N13 -> 1174.7177
B14: 8 | C14: =C13+1 -> 46191 | D14: GROUP | E14: CZECHIA V SOUTH AFRICA | F14: MATCH ODDS | G14: MATCH ODDS | H14: 1.89 | I14: =L14/16.5 -> 71.195013 | J14: 1-1 | K14: L | L14: =O13 -> 1174.7177 | M14: =IF(K14="w",(H14-1)*I14,-I14) -> -71.195013 | N14: =IF(K14="w",(M14/100*2),0) -> 0 | O14: =L14+M14-N14 -> 1103.5227
B15: 9 | C15: =C14+1 -> 46192 | D15: GROUP | E15: SCOTLAND V MOROCCO | F15: MATCH ODDS | G15: MOROCCO | H15: 1.76 | I15: =L15/16.5 -> 66.880164 | J15: 0-1 | K15: W | L15: =O14 -> 1103.5227 | M15: =IF(K15="w",(H15-1)*I15,-I15) -> 50.828924 | N15: =IF(K15="w",(M15/100*2),0) -> 1.0165785 | O15: =L15+M15-N15 -> 1153.335
B16: 10 | C16: =C15+1 -> 46193 | D16: GROUP | E16: GERMANY V IVORY COAST | F16: ASIAN HANDICAP | G16: GERMANY -1 | H16: 1.89 | I16: =L16/16.5 -> 69.899094 | J16: 2-1 | K16: D | L16: =O15 -> 1153.335 | M16: 0 | N16: =IF(K16="w",(M16/100*2),0) -> 0 | O16: =L16+M16-N16 -> 1153.335
B17: 11 | C17: =C16+1 -> 46194 | D17: GROUP | E17: URUGUAY V CAPE VERDE | F17: ASIAN HANDICAP | G17: URUGUAY -1 | H17: 1.85 | I17: =L17/16.5 -> 69.899094 | J17: 2-2 | K17: L | L17: =O16 -> 1153.335 | M17: =IF(K17="w",(H17-1)*I17,-I17) -> -69.899094 | N17: =IF(K17="w",(M17/100*2),0) -> 0 | O17: =L17+M17-N17 -> 1083.436
B18: 12 | C18: =C17+1 -> 46195 | D18: GROUP | E18: FRANCE V IRAQ | F18: ASIAN HANDICAP | G18: FRANCE -2.5 | H18: 1.8 | I18: =L18/16.5 -> 65.662785 | J18: 3-0 | K18: W | L18: =O17 -> 1083.436 | M18: =IF(K18="w",(H18-1)*I18,-I18) -> 52.530228 | N18: =IF(K18="w",(M18/100*2),0) -> 1.0506046 | O18: =L18+M18-N18 -> 1134.9156
B19: 13 | C19: =C18+1 -> 46196 | D19: GROUP | E19: PORTUGAL V UZBEKISTAN | F19: ASIAN HANDICAP | G19: PORTUGAL -2 | H19: 1.76 | I19: =L19/16.5 -> 68.782762 | J19: 5-0 | K19: W | L19: =O18 -> 1134.9156 | M19: =IF(K19="w",(H19-1)*I19,-I19) -> 52.274899 | N19: =IF(K19="w",(M19/100*2),0) -> 1.045498 | O19: =L19+M19-N19 -> 1186.145
B20: 14 | C20: =C19+1 -> 46197 | D20: GROUP | E20: SCOTLAND V BRAZIL | F20: MO & O/U 2.5 GOALS | G20: BRAZIL & OVER | H20: 2.2 | I20: =L20/16.5 -> 71.887574 | J20: 0-3 | K20: W | L20: =O19 -> 1186.145 | M20: =IF(K20="w",(H20-1)*I20,-I20) -> 86.265089 | N20: =IF(K20="w",(M20/100*2),0) -> 1.7253018 | O20: =L20+M20-N20 -> 1270.6848
B21: 15 | C21: =C20+1 -> 46198 | D21: GROUP | E21: CURACAO V IVORY COAST | F21: IVORY COAST O/U 2.5 | G21: OVER | H21: 1.89 | I21: =L21/16.5 -> 77.011198 | J21: 0-2 | K21: L | L21: =O20 -> 1270.6848 | M21: =IF(K21="w",(H21-1)*I21,-I21) -> -77.011198 | N21: =IF(K21="w",(M21/100*2),0) -> 0 | O21: =L21+M21-N21 -> 1193.6736
B22: 16 | C22: =C21+1 -> 46199 | D22: GROUP | E22: CAPE VERDE V SAUDI ARABIA | F22: DRAW NO BET | G22: CAPE VERDE | H22: 1.97 | I22: =L22/16.5 -> 72.343853 | J22: 0-0 | K22: D | L22: =O21 -> 1193.6736 | M22: 0 | N22: =IF(K22="w",(M22/100*2),0) -> 0 | O22: =L22+M22-N22 -> 1193.6736
B23: 17 | C23: =C22+1 -> 46200 | D23: GROUP | E23: CROATIA V GHANA | F23: MATCH ODDS | G23: CROATIA | H23: 1.96 | I23: =L23/16.5 -> 72.343853 | J23: 2-1 | K23: W | L23: =O22 -> 1193.6736 | M23: =IF(K23="w",(H23-1)*I23,-I23) -> 69.450098 | N23: =IF(K23="w",(M23/100*2),0) -> 1.389002 | O23: =L23+M23-N23 -> 1261.7347
B24: 18 | C24: =C23+1 -> 46201 | D24: ROUND OF 32 | E24: COLOMBIA V PORTUGAL | F24: MATCH ODDS | G24: DRAW | H24: 4 | I24: =L24/16.5 -> 76.468768 | J24: 0-0 | K24: W | L24: =O23 -> 1261.7347 | M24: =IF(K24="w",(H24-1)*I24,-I24) -> 229.4063 | N24: =IF(K24="w",(M24/100*2),0) -> 4.5881261 | O24: =L24+M24-N24 -> 1486.5528
B25: 19 | C25: =C24+1 -> 46202 | D25: ROUND OF 32 | E25: GERMANY V PARAGUAY | F25: MO & O/U 2.5 GOALS | G25: GERMANY & OVER | H25: 2.14 | I25: =L25/16.5 -> 90.094112 | J25: 1-1 | K25: L | L25: =O24 -> 1486.5528 | M25: =IF(K25="w",(H25-1)*I25,-I25) -> -90.094112 | N25: =IF(K25="w",(M25/100*2),0) -> 0 | O25: =L25+M25-N25 -> 1396.4587
B26: 20 | C26: =C25+1 -> 46203 | D26: ROUND OF 32 | E26: NETHERLANDS V MOROCCO | F26: BTTS | G26: YES | H26: 1.89 | I26: =L26/16.5 -> 84.633862 | J26: 1-1 | K26: W | L26: =O25 -> 1396.4587 | M26: =IF(K26="w",(H26-1)*I26,-I26) -> 75.324138 | N26: =IF(K26="w",(M26/100*2),0) -> 1.5064828 | O26: =L26+M26-N26 -> 1470.2764
B27: 21 | C27: =C26+1 -> 46204 | D27: ROUND OF 32 | E27: MEXICO V ECUADOR | F27: MATCH ODDS | G27: MEXICO | H27: 2.32 | I27: =L27/16.5 -> 89.10766 | J27: 2-0 | K27: W | L27: =O26 -> 1470.2764 | M27: =IF(K27="w",(H27-1)*I27,-I27) -> 117.62211 | N27: =IF(K27="w",(M27/100*2),0) -> 2.3524422 | O27: =L27+M27-N27 -> 1585.5461
B28: 22 | C28: =C27+1 -> 46205 | D28: ROUND OF 32 | L28: =O27 -> 1585.5461 | M28: =IF(K28="w",(H28-1)*I28,-I28) -> 0 | N28: =IF(K28="w",(M28/100*2),0) -> 0 | O28: =L28+M28-N28 -> 1585.5461
B29: 23 | C29: =C28+1 -> 46206 | D29: ROUND OF 32 | L29: =O28 -> 1585.5461 | M29: =IF(K29="w",(H29-1)*I29,-I29) -> 0 | N29: =IF(K29="w",(M29/100*2),0) -> 0 | O29: =L29+M29-N29 -> 1585.5461
B30: 24 | C30: =C29+1 -> 46207 | D30: ROUND OF 16 | L30: =O29 -> 1585.5461 | M30: =IF(K30="w",(H30-1)*I30,-I30) -> 0 | N30: =IF(K30="w",(M30/100*2),0) -> 0 | O30: =L30+M30-N30 -> 1585.5461
B31: 25 | C31: =C30+1 -> 46208 | D31: ROUND OF 16 | L31: =O30 -> 1585.5461 | M31: =IF(K31="w",(H31-1)*I31,-I31) -> 0 | N31: =IF(K31="w",(M31/100*2),0) -> 0 | O31: =L31+M31-N31 -> 1585.5461
B32: 26 | C32: =C31+1 -> 46209 | D32: ROUND OF 16 | L32: =O31 -> 1585.5461 | M32: =IF(K32="w",(H32-1)*I32,-I32) -> 0 | N32: =IF(K32="w",(M32/100*2),0) -> 0 | O32: =L32+M32-N32 -> 1585.5461
B33: 27 | C33: =C32+1 -> 46210 | D33: ROUND OF 16 | L33: =O32 -> 1585.5461 | M33: =IF(K33="w",(H33-1)*I33,-I33) -> 0 | N33: =IF(K33="w",(M33/100*2),0) -> 0 | O33: =L33+M33-N33 -> 1585.5461
B34: 28 | C34: =C33+1 -> 46211 | D34: REST DAY | L34: =O33 -> 1585.5461 | M34: =IF(K34="w",(H34-1)*I34,-I34) -> 0 | N34: =IF(K34="w",(M34/100*2),0) -> 0 | O34: =L34+M34-N34 -> 1585.5461
B35: 29 | C35: =C34+1 -> 46212 | D35: QUARTER FINALS | L35: =O34 -> 1585.5461 | M35: =IF(K35="w",(H35-1)*I35,-I35) -> 0 | N35: =IF(K35="w",(M35/100*2),0) -> 0 | O35: =L35+M35-N35 -> 1585.5461
B36: 30 | C36: =C35+1 -> 46213 | D36: QUARTER FINALS | L36: =O35 -> 1585.5461 | M36: =IF(K36="w",(H36-1)*I36,-I36) -> 0 | N36: =IF(K36="w",(M36/100*2),0) -> 0 | O36: =L36+M36-N36 -> 1585.5461
B37: 31 | C37: =C36+1 -> 46214 | D37: QUARTER FINALS | L37: =O36 -> 1585.5461 | M37: =IF(K37="w",(H37-1)*I37,-I37) -> 0 | N37: =IF(K37="w",(M37/100*2),0) -> 0 | O37: =L37+M37-N37 -> 1585.5461
B38: 32 | C38: =C37+1 -> 46215 | D38: REST DAY | L38: =O37 -> 1585.5461 | M38: =IF(K38="w",(H38-1)*I38,-I38) -> 0 | N38: =IF(K38="w",(M38/100*2),0) -> 0 | O38: =L38+M38-N38 -> 1585.5461
B39: 33 | C39: =C38+1 -> 46216 | D39: REST DAY | L39: =O38 -> 1585.5461 | M39: =IF(K39="w",(H39-1)*I39,-I39) -> 0 | N39: =IF(K39="w",(M39/100*2),0) -> 0 | O39: =L39+M39-N39 -> 1585.5461
... B45: 39 | C45: =C44+1 -> 46222 | D45: FINAL | L45: =O44 -> 1585.5461 | M45: =IF(K45="w",(H45-1)*I45,-I45) -> 0 | N45: =IF(K45="w",(M45/100*2),0) -> 0 | O45: =L45+M45-N45 -> 1585.5461

Sheet PGX5 - CHART
B2: PRO-GENIE X5 - WORLD CUP 2026: DAILY RESULTS
B4: Day | C4: Profit / Loss (£) | D4: Acc Profit (£)
B5: 0 | C5: 0 | D5: 0
B6: 1 | C6: ='PGX5 - Results'!M7-'PGX5 - Results'!N7 -> -60.606061 | D6: =D5+C6 -> -60.606061
B7: 2 | C7: ='PGX5 - Results'!M8-'PGX5 - Results'!N8 -> 63.60551 | D7: =D6+C7 -> 2.999449
B8: 3 | C8: ='PGX5 - Results'!M9-'PGX5 - Results'!N9 -> 69.103623 | D8: =D7+C8 -> 72.103072
B9: 4 | C9: ='PGX5 - Results'!M10-'PGX5 - Results'!N10 -> 64.949953 | D9: =D8+C9 -> 137.05303
B10: 5 | C10: ='PGX5 - Results'!M11-'PGX5 - Results'!N11 -> 55.377928 | D10: =D9+C10 -> 192.43095
B11: 6 | C11: ='PGX5 - Results'!M12-'PGX5 - Results'!N12 -> 58.075001 | D11: =D10+C11 -> 250.50595
B12: 7 | C12: ='PGX5 - Results'!M13-'PGX5 - Results'!N13 -> -75.78824 | D12: =D11+C12 -> 174.71771
B13: 8 | C13: ='PGX5 - Results'!M14-'PGX5 - Results'!N14 -> -71.195013 | D13: =D12+C13 -> 103.5227
B14: 9 | C14: ='PGX5 - Results'!M15-'PGX5 - Results'!N15 -> 49.812346 | D14: =D13+C14 -> 153.33505
B15: 10 | C15: ='PGX5 - Results'!M16-'PGX5 - Results'!N16 -> 0 | D15: =D14+C15 -> 153.33505
B16: 11 | C16: ='PGX5 - Results'!M17-'PGX5 - Results'!N17 -> -69.899094 | D16: =D15+C16 -> 83.435953
B17: 12 | C17: ='PGX5 - Results'!M18-'PGX5 - Results'!N18 -> 51.479623 | D17: =D16+C17 -> 134.91558
... B44: 39 | C44: ='PGX5 - Results'!M45-'PGX5 - Results'!N45 -> 0 | D44: =D43+C44 -> 585.54605

Sheet PXCS - Results
F2: Results Tracker: KPI Dashboard | G2: Start Bank (Points) | H2: 50 | I2: End Bank (Points) | J2: =M190+50 -> 68.992322 | K2: Total Points Staked | M2: =H190 -> 40.959
G3: Start Date | H3: ='FTR - Results'!I3 -> 46184 | I3: PnL (Points +/-) | J3: =J2-H2 -> 18.992322 | K3: Return on Investment % (ROI) | M3: =J3/M2*100 -> 46.369106
G4: No. Matches | H4: =COUNTA(E7:E189) -> 41 | I4: Bank Growth (%) | J4: =J3/H2*100 -> 37.984644 | K4: Return on Capital % (ROC) | M4: =J3/H2*100 -> 37.984644
B6: MATCH # | C6: Date | D6: Stage | E6: Match | F6: PXCS Prediction | G6: Price | H6: Points | I6: FT Result | J6: W/D/L | K6: Points (+/-) | L6: Comm (2%) | M6: Total Points
B7: 1 | C7: =H3 -> 46184 | D7: GROUP | E7: MEXICO V SOUTH AFRICA | F7: 1-0 | G7: 5.8 | H7: 0.333 | I7: 2-0 | J7: L | K7: =IF(J7="w",(G7-1)*H7,-H7) -> -0.333 | L7: =IF(J7="w",(K7/100*2),0) -> 0 | M7: =K7-L7 -> -0.333
F8: 2-0 | G8: 6.6 | H8: 0.333 | J8: W | K8: =IF(J8="w",(G8-1)*H8,-H8) -> 1.8648 | L8: =IF(J8="w",(K8/100*2),0) -> 0.037296 | M8: =K8-L8 -> 1.827504
F9: 2-1 | G9: 10.5 | H9: 0.333 | J9: L | K9: =IF(J9="w",(G9-1)*H9,-H9) -> -0.333 | L9: =IF(J9="w",(K9/100*2),0) -> 0 | M9: =K9-L9 -> -0.333
B10: 2 | C10: =C7 -> 46184 | D10: GROUP | E10: SOUTH KOREA V CZECHIA | F10: 0-0 | G10: 10 | H10: 0.333 | I10: 2-1 | J10: L | K10: =IF(J10="w",(G10-1)*H10,-H10) -> -0.333 | L10: =IF(J10="w",(K10/100*2),0) -> 0 | M10: =K10-L10 -> -0.333
F11: 0-1 | G11: 9.6 | H11: 0.333 | J11: L | K11: =IF(J11="w",(G11-1)*H11,-H11) -> -0.333 | L11: =IF(J11="w",(K11/100*2),0) -> 0 | M11: =K11-L11 -> -0.333
F12: 1-1 | G12: 6.6 | H12: 0.333 | J12: L | K12: =IF(J12="w",(G12-1)*H12,-H12) -> -0.333 | L12: =IF(J12="w",(K12/100*2),0) -> 0 | M12: =K12-L12 -> -0.333
B13: 3 | C13: =C10+1 -> 46185 | D13: GROUP | E13: CANADA V BOSNIA & HERZEGOVINA | F13: 1-0 | G13: 6.8 | H13: 0.333 | I13: 1-1 | J13: L | K13: =IF(J13="w",(G13-1)*H13,-H13) -> -0.333 | L13: =IF(J13="w",(K13/100*2),0) -> 0 | M13: =K13-L13 -> -0.333
F14: 1-1 | G14: 7.8 | H14: 0.333 | J14: W | K14: =IF(J14="w",(G14-1)*H14,-H14) -> 2.2644 | L14: =IF(J14="w",(K14/100*2),0) -> 0.045288 | M14: =K14-L14 -> 2.219112
F15: 2-1 | G15: 10 | H15: 0.333 | J15: L | K15: =IF(J15="w",(G15-1)*H15,-H15) -> -0.333 | L15: =IF(J15="w",(K15/100*2),0) -> 0 | M15: =K15-L15 -> -0.333
B16: 4 | C16: =C13 -> 46185 | D16: GROUP | E16: USA V PARAGUAY | F16: 1-0 | G16: 7 | H16: 0.333 | I16: 4-1 | J16: L | K16: =IF(J16="w",(G16-1)*H16,-H16) -> -0.333 | L16: =IF(J16="w",(K16/100*2),0) -> 0 | M16: =K16-L16 -> -0.333
F17: 1-1 | G17: 7 | H17: 0.333 | J17: L | K17: =IF(J17="w",(G17-1)*H17,-H17) -> -0.333 | L17: =IF(J17="w",(K17/100*2),0) -> 0 | M17: =K17-L17 -> -0.333
F18: 2-1 | G18: 10.5 | H18: 0.333 | J18: L | K18: =IF(J18="w",(G18-1)*H18,-H18) -> -0.333 | L18: =IF(J18="w",(K18/100*2),0) -> 0 | M18: =K18-L18 -> -0.333
B19: 5 | C19: =C16+1 -> 46186 | D19: GROUP | E19: QATAR V SWITZERLAND | F19: 0-1 | G19: 9 | H19: 0.333 | I19: 1-1 | J19: L | K19: =IF(J19="w",(G19-1)*H19,-H19) -> -0.333 | L19: =IF(J19="w",(K19/100*2),0) -> 0 | M19: =K19-L19 -> -0.333
F20: 0-2 | G20: 6.2 | H20: 0.333 | J20: L | K20: =IF(J20="w",(G20-1)*H20,-H20) -> -0.333 | L20: =IF(J20="w",(K20/100*2),0) -> 0 | M20: =K20-L20 -> -0.333
F21: 0-3 | G21: 7.8 | H21: 0.333 | J21: L | K21: =IF(J21="w",(G21-1)*H21,-H21) -> -0.333 | L21: =IF(J21="w",(K21/100*2),0) -> 0 | M21: =K21-L21 -> -0.333
B22: 6 | C22: =C19 -> 46186 | D22: GROUP | E22: BRAZIL V MOROCCO | F22: 1-1 | G22: 8 | H22: 0.333 | I22: 1-1 | J22: W | K22: =IF(J22="w",(G22-1)*H22,-H22) -> 2.331 | L22: =IF(J22="w",(K22/100*2),0) -> 0.04662 | M22: =K22-L22 -> 2.28438
F23: 2-1 | G23: 10 | H23: 0.333 | J23: L | K23: =IF(J23="w",(G23-1)*H23,-H23) -> -0.333 | L23: =IF(J23="w",(K23/100*2),0) -> 0 | M23: =K23-L23 -> -0.333
F24: 2-2 | G24: 24 | H24: 0.333 | J24: L | K24: =IF(J24="w",(G24-1)*H24,-H24) -> -0.333 | L24: =IF(J24="w",(K24/100*2),0) -> 0 | M24: =K24-L24 -> -0.333
B25: 7 | C25: =C22+1 -> 46187 | D25: GROUP | E25: NETHERLANDS V JAPAN | F25: 1-1 | G25: 7.6 | H25: 0.333 | I25: 2-2 | J25: L | K25: =IF(J25="w",(G25-1)*H25,-H25) -> -0.333 | L25: =IF(J25="w",(K25/100*2),0) -> 0 | M25: =K25-L25 -> -0.333
F26: 1-2 | G26: 15 | H26: 0.333 | J26: L | K26: =IF(J26="w",(G26-1)*H26,-H26) -> -0.333 | L26: =IF(J26="w",(K26/100*2),0) -> 0 | M26: =K26-L26 -> -0.333
F27: 2-1 | G27: 10 | H27: 0.333 | J27: L | K27: =IF(J27="w",(G27-1)*H27,-H27) -> -0.333 | L27: =IF(J27="w",(K27/100*2),0) -> 0 | M27: =K27-L27 -> -0.333
B28: 8 | C28: =C25 -> 46187 | D28: GROUP | E28: SWEDEN V TUNISIA | F28: 1-1 | G28: 7.6 | H28: 0.333 | I28: 5-1 | J28: L | K28: =IF(J28="w",(G28-1)*H28,-H28) -> -0.333 | L28: =IF(J28="w",(K28/100*2),0) -> 0 | M28: =K28-L28 -> -0.333
F29: 2-1 | G29: 10 | H29: 0.333 | J29: L | K29: =IF(J29="w",(G29-1)*H29,-H29) -> -0.333 | L29: =IF(J29="w",(K29/100*2),0) -> 0 | M29: =K29-L29 -> -0.333
F30: 2-2 | G30: 21 | H30: 0.333 | J30: L | K30: =IF(J30="w",(G30-1)*H30,-H30) -> -0.333 | L30: =IF(J30="w",(K30/100*2),0) -> 0 | M30: =K30-L30 -> -0.333
B31: 9 | C31: =C28+1 -> 46188 | D31: GROUP | E31: BELGIUM V EGYPT | F31: 2-0 | G31: 8.6 | H31: 0.333 | I31: 1-1 | J31: L | K31: =IF(J31="w",(G31-1)*H31,-H31) -> -0.333 | L31: =IF(J31="w",(K31/100*2),0) -> 0 | M31: =K31-L31 -> -0.333
F32: 3-0 | G32: 15.5 | H32: 0.333 | J32: L | K32: =IF(J32="w",(G32-1)*H32,-H32) -> -0.333 | L32: =IF(J32="w",(K32/100*2),0) -> 0 | M32: =K32-L32 -> -0.333
F33: 3-1 | G33: 16 | H33: 0.333 | J33: L | K33: =IF(J33="w",(G33-1)*H33,-H33) -> -0.333 | L33: =IF(J33="w",(K33/100*2),0) -> 0 | M33: =K33-L33 -> -0.333
B34: 10 | C34: =C31 -> 46188 | D34: GROUP | E34: SAUDI ARABIA V URUGUAY | F34: 0-1 | G34: 6.4 | H34: 0.333 | I34: 1-1 | J34: L | K34: =IF(J34="w",(G34-1)*H34,-H34) -> -0.333 | L34: =IF(J34="w",(K34/100*2),0) -> 0 | M34: =K34-L34 -> -0.333
F35: 0-2 | G35: 6.8 | H35: 0.333 | J35: L | K35: =IF(J35="w",(G35-1)*H35,-H35) -> -0.333 | L35: =IF(J35="w",(K35/100*2),0) -> 0 | M35: =K35-L35 -> -0.333
F36: 1-2 | G36: 10.5 | H36: 0.333 | J36: L | K36: =IF(J36="w",(G36-1)*H36,-H36) -> -0.333 | L36: =IF(J36="w",(K36/100*2),0) -> 0 | M36: =K36-L36 -> -0.333
B37: 11 | C37: =C34+1 -> 46189 | D37: GROUP | E37: FRANCE V SENEGAL | F37: 2-0 | G37: 8.2 | H37: 0.333 | I37: 3-1 | J37: L | K37: =IF(J37="w",(G37-1)*H37,-H37) -> -0.333 | L37: =IF(J37="w",(K37/100*2),0) -> 0 | M37: =K37-L37 -> -0.333
F38: 2-1 | G38: 12.5 | H38: 0.333 | J38: L | K38: =IF(J38="w",(G38-1)*H38,-H38) -> -0.333 | L38: =IF(J38="w",(K38/100*2),0) -> 0 | M38: =K38-L38 -> -0.333
F39: 3-1 | G39: 15.5 | H39: 0.333 | J39: W | K39: =IF(J39="w",(G39-1)*H39,-H39) -> 4.8285 | L39: =IF(J39="w",(K39/100*2),0) -> 0.09657 | M39: =K39-L39 -> 4.73193
B40: 12 | C40: =C37 -> 46189 | D40: GROUP | E40: IRAQ V NORWAY | F40: 0-3 | G40: 8.2 | H40: 0.333 | I40: 1-4 | J40: L | K40: =IF(J40="w",(G40-1)*H40,-H40) -> -0.333 | L40: =IF(J40="w",(K40/100*2),0) -> 0 | M40: =K40-L40 -> -0.333
F41: 1-3 | G41: 12.5 | H41: 0.333 | J41: L | K41: =IF(J41="w",(G41-1)*H41,-H41) -> -0.333 | L41: =IF(J41="w",(K41/100*2),0) -> 0 | M41: =K41-L41 -> -0.333
F42: 1-4 | G42: 20 | H42: 0.333 | J42: W | K42: =IF(J42="w",(G42-1)*H42,-H42) -> 6.327 | L42: =IF(J42="w",(K42/100*2),0) -> 0.12654 | M42: =K42-L42 -> 6.20046
B43: 13 | C43: =C40+1 -> 46190 | D43: GROUP | E43: PORTUGAL V DR CONGO | F43: 2-0 | G43: 6.4 | H43: 0.333 | I43: 1-1 | J43: L | K43: =IF(J43="w",(G43-1)*H43,-H43) -> -0.333 | L43: =IF(J43="w",(K43/100*2),0) -> 0 | M43: =K43-L43 -> -0.333
F44: 3-0 | G44: 9 | H44: 0.333 | J44: L | K44: =IF(J44="w",(G44-1)*H44,-H44) -> -0.333 | L44: =IF(J44="w",(K44/100*2),0) -> 0 | M44: =K44-L44 -> -0.333
F45: 3-1 | G45: 15 | H45: 0.333 | J45: L | K45: =IF(J45="w",(G45-1)*H45,-H45) -> -0.333 | L45: =IF(J45="w",(K45/100*2),0) -> 0 | M45: =K45-L45 -> -0.333
B46: 14 | C46: =C43 -> 46190 | D46: GROUP | E46: ENGLAND V CROATIA | F46: 1-0 | G46: 7 | H46: 0.333 | I46: 4-2 | J46: L | K46: =IF(J46="w",(G46-1)*H46,-H46) -> -0.333 | L46: =IF(J46="w",(K46/100*2),0) -> 0 | M46: =K46-L46 -> -0.333
F47: 2-0 | G47: 8.6 | H47: 0.333 | J47: L | K47: =IF(J47="w",(G47-1)*H47,-H47) -> -0.333 | L47: =IF(J47="w",(K47/100*2),0) -> 0 | M47: =K47-L47 -> -0.333
F48: 2-1 | G48: 10 | H48: 0.333 | J48: L | K48: =IF(J48="w",(G48-1)*H48,-H48) -> -0.333 | L48: =IF(J48="w",(K48/100*2),0) -> 0 | M48: =K48-L48 -> -0.333
B49: 15 | C49: =C46+1 -> 46191 | D49: GROUP | E49: CZECHIA V SOUTH AFRICA | F49: 1-0 | G49: 7.6 | H49: 0.333 | I49: 1-1 | J49: L | K49: =IF(J49="w",(G49-1)*H49,-H49) -> -0.333 | L49: =IF(J49="w",(K49/100*2),0) -> 0 | M49: =K49-L49 -> -0.333
F50: 1-1 | G50: 7.6 | H50: 0.333 | J50: W | K50: =IF(J50="w",(G50-1)*H50,-H50) -> 2.1978 | L50: =IF(J50="w",(K50/100*2),0) -> 0.043956 | M50: =K50-L50 -> 2.153844
F51: 2-1 | G51: 9.8 | H51: 0.333 | J51: L | K51: =IF(J51="w",(G51-1)*H51,-H51) -> -0.333 | L51: =IF(J51="w",(K51/100*2),0) -> 0 | M51: =K51-L51 -> -0.333
B52: 16 | C52: =C49 -> 46191 | D52: GROUP | E52: SWITZERLAND V BOSNIA | F52: 2-0 | G52: 7.8 | H52: 0.333 | I52: 4-1 | J52: L | K52: =IF(J52="w",(G52-1)*H52,-H52) -> -0.333 | L52: =IF(J52="w",(K52/100*2),0) -> 0 | M52: =K52-L52 -> -0.333
F53: 2-1 | G53: 9.8 | H53: 0.333 | J53: L | K53: =IF(J53="w",(G53-1)*H53,-H53) -> -0.333 | L53: =IF(J53="w",(K53/100*2),0) -> 0 | M53: =K53-L53 -> -0.333
F54: 3-0 | G54: 13 | H54: 0.333 | J54: L | K54: =IF(J54="w",(G54-1)*H54,-H54) -> -0.333 | L54: =IF(J54="w",(K54/100*2),0) -> 0 | M54: =K54-L54 -> -0.333
B55: 17 | C55: =C52+1 -> 46192 | D55: GROUP | E55: USA V AUSTRALIA | F55: 2-0 | G55: 8.6 | H55: 0.333 | I55: 2-0 | J55: W | K55: =IF(J55="w",(G55-1)*H55,-H55) -> 2.5308 | L55: =IF(J55="w",(K55/100*2),0) -> 0.050616 | M55: =K55-L55 -> 2.480184
F56: 2-1 | G56: 9.6 | H56: 0.333 | J56: L | K56: =IF(J56="w",(G56-1)*H56,-H56) -> -0.333 | L56: =IF(J56="w",(K56/100*2),0) -> 0 | M56: =K56-L56 -> -0.333
F57: 3-1 | G57: 16 | H57: 0.333 | J57: L | K57: =IF(J57="w",(G57-1)*H57,-H57) -> -0.333 | L57: =IF(J57="w",(K57/100*2),0) -> 0 | M57: =K57-L57 -> -0.333
B58: 18 | C58: =C55 -> 46192 | D58: GROUP | E58: SCOTLAND V MOROCCO | F58: 0-1 | G58: 6.6 | H58: 0.333 | I58: 0-1 | J58: W | K58: =IF(J58="w",(G58-1)*H58,-H58) -> 1.8648 | L58: =IF(J58="w",(K58/100*2),0) -> 0.037296 | M58: =K58-L58 -> 1.827504
F59: 0-2 | G59: 8.6 | H59: 0.333 | J59: L | K59: =IF(J59="w",(G59-1)*H59,-H59) -> -0.333 | L59: =IF(J59="w",(K59/100*2),0) -> 0 | M59: =K59-L59 -> -0.333
F60: 1-2 | G60: 10 | H60: 0.333 | J60: L | K60: =IF(J60="w",(G60-1)*H60,-H60) -> -0.333 | L60: =IF(J60="w",(K60/100*2),0) -> 0 | M60: =K60-L60 -> -0.333
B61: 19 | C61: =C58+1 -> 46193 | D61: GROUP | E61: NETHERLAND V SWEDEN | F61: 2-1 | G61: 9.2 | H61: 0.333 | I61: 5-1 | J61: L | K61: =IF(J61="w",(G61-1)*H61,-H61) -> -0.333 | L61: =IF(J61="w",(K61/100*2),0) -> 0 | M61: =K61-L61 -> -0.333
F62: 2-2 | G62: 16 | H62: 0.333 | J62: L | K62: =IF(J62="w",(G62-1)*H62,-H62) -> -0.333 | L62: =IF(J62="w",(K62/100*2),0) -> 0 | M62: =K62-L62 -> -0.333
F63: 3-1 | G63: 15 | H63: 0.333 | J63: L | K63: =IF(J63="w",(G63-1)*H63,-H63) -> -0.333 | L63: =IF(J63="w",(K63/100*2),0) -> 0 | M63: =K63-L63 -> -0.333
B64: 20 | C64: =C61 -> 46193 | D64: GROUP | E64: GERMANY V IVORY COAST | F64: 2-0 | G64: 10 | H64: 0.333 | I64: 2-1 | J64: L | K64: =IF(J64="w",(G64-1)*H64,-H64) -> -0.333 | L64: =IF(J64="w",(K64/100*2),0) -> 0 | M64: =K64-L64 -> -0.333
F65: 3-1 | G65: 14 | H65: 0.333 | J65: L | K65: =IF(J65="w",(G65-1)*H65,-H65) -> -0.333 | L65: =IF(J65="w",(K65/100*2),0) -> 0 | M65: =K65-L65 -> -0.333
F66: 4-1 | G66: 25 | H66: 0.333 | J66: L | K66: =IF(J66="w",(G66-1)*H66,-H66) -> -0.333 | L66: =IF(J66="w",(K66/100*2),0) -> 0 | M66: =K66-L66 -> -0.333
B67: 21 | C67: =C64+1 -> 46194 | D67: GROUP | E67: BELGIUM V IRAN | F67: 2-0 | G67: 7.8 | H67: 0.333 | I67: 0-0 | J67: L | K67: =IF(J67="w",(G67-1)*H67,-H67) -> -0.333 | L67: =IF(J67="w",(K67/100*2),0) -> 0 | M67: =K67-L67 -> -0.333
F68: 3-0 | G68: 11.5 | H68: 0.333 | J68: L | K68: =IF(J68="w",(G68-1)*H68,-H68) -> -0.333 | L68: =IF(J68="w",(K68/100*2),0) -> 0 | M68: =K68-L68 -> -0.333
F69: 3-1 | G69: 14.5 | H69: 0.333 | J69: L | K69: =IF(J69="w",(G69-1)*H69,-H69) -> -0.333 | L69: =IF(J69="w",(K69/100*2),0) -> 0 | M69: =K69-L69 -> -0.333
B70: 22 | C70: =C67 -> 46194 | D70: GROUP | E70: URUGUAY V CAPE VERDE | F70: 1-0 | G70: 5.7 | H70: 0.333 | I70: 2-2 | J70: L | K70: =IF(J70="w",(G70-1)*H70,-H70) -> -0.333 | L70: =IF(J70="w",(K70/100*2),0) -> 0 | M70: =K70-L70 -> -0.333
F71: 2-0 | G71: 6.4 | H71: 0.333 | J71: L | K71: =IF(J71="w",(G71-1)*H71,-H71) -> -0.333 | L71: =IF(J71="w",(K71/100*2),0) -> 0 | M71: =K71-L71 -> -0.333
F72: 2-1 | G72: 10 | H72: 0.333 | J72: L | K72: =IF(J72="w",(G72-1)*H72,-H72) -> -0.333 | L72: =IF(J72="w",(K72/100*2),0) -> 0 | M72: =K72-L72 -> -0.333
B73: 23 | C73: =C70+1 -> 46195 | D73: GROUP | E73: ARGENTINA V AUSTRIA | F73: 2-0 | G73: 7.6 | H73: 0.333 | I73: 2-0 | J73: W | K73: =IF(J73="w",(G73-1)*H73,-H73) -> 2.1978 | L73: =IF(J73="w",(K73/100*2),0) -> 0.043956 | M73: =K73-L73 -> 2.153844
F74: 2-1 | G74: 9.8 | H74: 0.333 | J74: L | K74: =IF(J74="w",(G74-1)*H74,-H74) -> -0.333 | L74: =IF(J74="w",(K74/100*2),0) -> 0 | M74: =K74-L74 -> -0.333
F75: 3-1 | G75: 16 | H75: 0.333 | J75: L | K75: =IF(J75="w",(G75-1)*H75,-H75) -> -0.333 | L75: =IF(J75="w",(K75/100*2),0) -> 0 | M75: =K75-L75 -> -0.333
B76: 24 | C76: =C73 -> 46195 | D76: GROUP | E76: FRANCE V IRAQ | F76: 3-0 | G76: 6.8 | H76: 0.333 | I76: 3-0 | J76: W | K76: =IF(J76="w",(G76-1)*H76,-H76) -> 1.9314 | L76: =IF(J76="w",(K76/100*2),0) -> 0.038628 | M76: =K76-L76 -> 1.892772
F77: 4-0 | G77: 8 | H77: 0.333 | J77: L | K77: =IF(J77="w",(G77-1)*H77,-H77) -> -0.333 | L77: =IF(J77="w",(K77/100*2),0) -> 0 | M77: =K77-L77 -> -0.333
F78: 5-0 | G78: 12 | H78: 0.333 | J78: L | K78: =IF(J78="w",(G78-1)*H78,-H78) -> -0.333 | L78: =IF(J78="w",(K78/100*2),0) -> 0 | M78: =K78-L78 -> -0.333
B79: 25 | C79: =C76+1 -> 46196 | D79: GROUP | E79: PORTUGAL V UZBEKISTAN | F79: 2-0 | G79: 6.8 | H79: 0.333 | I79: 5-0 | J79: L | K79: =IF(J79="w",(G79-1)*H79,-H79) -> -0.333 | L79: =IF(J79="w",(K79/100*2),0) -> 0 | M79: =K79-L79 -> -0.333
F80: 3-0 | G80: 6.8 | H80: 0.333 | J80: L | K80: =IF(J80="w",(G80-1)*H80,-H80) -> -0.333 | L80: =IF(J80="w",(K80/100*2),0) -> 0 | M80: =K80-L80 -> -0.333
F81: 4-0 | G81: 9.6 | H81: 0.333 | J81: L | K81: =IF(J81="w",(G81-1)*H81,-H81) -> -0.333 | L81: =IF(J81="w",(K81/100*2),0) -> 0 | M81: =K81-L81 -> -0.333
B82: 26 | C82: =C79 -> 46196 | D82: GROUP | E82: ENGLAND V GHANA | F82: 2-0 | G82: 6.6 | H82: 0.333 | I82: 0-0 | J82: L | K82: =IF(J82="w",(G82-1)*H82,-H82) -> -0.333 | L82: =IF(J82="w",(K82/100*2),0) -> 0 | M82: =K82-L82 -> -0.333
F83: 3-0 | G83: 7.6 | H83: 0.333 | J83: L | K83: =IF(J83="w",(G83-1)*H83,-H83) -> -0.333 | L83: =IF(J83="w",(K83/100*2),0) -> 0 | M83: =K83-L83 -> -0.333
F84: 4-0 | G84: 10 | H84: 0.333 | J84: L | K84: =IF(J84="w",(G84-1)*H84,-H84) -> -0.333 | L84: =IF(J84="w",(K84/100*2),0) -> 0 | M84: =K84-L84 -> -0.333
B85: 27 | C85: =C82+1 -> 46197 | D85: GROUP | E85: SWITZERLAND V CANADA | F85: 1-0 | G85: 9.4 | H85: 0.333 | I85: 2-1 | J85: L | K85: =IF(J85="w",(G85-1)*H85,-H85) -> -0.333 | L85: =IF(J85="w",(K85/100*2),0) -> 0 | M85: =K85-L85 -> -0.333
F86: 1-1 | G86: 6.6 | H86: 0.333 | J86: L | K86: =IF(J86="w",(G86-1)*H86,-H86) -> -0.333 | L86: =IF(J86="w",(K86/100*2),0) -> 0 | M86: =K86-L86 -> -0.333
F87: 2-1 | G87: 11 | H87: 0.333 | J87: W | K87: =IF(J87="w",(G87-1)*H87,-H87) -> 3.33 | L87: =IF(J87="w",(K87/100*2),0) -> 0.0666 | M87: =K87-L87 -> 3.2634
B88: 28 | C88: =C85 -> 46197 | D88: GROUP | E88: SCOTLAND V BRAZIL | F88: 0-2 | G88: 6.8 | H88: 0.333 | I88: 0-3 | J88: L | K88: =IF(J88="w",(G88-1)*H88,-H88) -> -0.333 | L88: =IF(J88="w",(K88/100*2),0) -> 0 | M88: =K88-L88 -> -0.333
F89: 0-3 | G89: 9.2 | H89: 0.333 | J89: W | K89: =IF(J89="w",(G89-1)*H89,-H89) -> 2.7306 | L89: =IF(J89="w",(K89/100*2),0) -> 0.054612 | M89: =K89-L89 -> 2.675988
F90: 1-3 | G90: 15 | H90: 0.333 | J90: L | K90: =IF(J90="w",(G90-1)*H90,-H90) -> -0.333 | L90: =IF(J90="w",(K90/100*2),0) -> 0 | M90: =K90-L90 -> -0.333
B91: 29 | C91: =C88+1 -> 46198 | D91: GROUP | E91: CURACAO V IVORY COAST | F91: 0-2 | G91: 6.6 | H91: 0.333 | I91: 0-2 | J91: W | K91: =IF(J91="w",(G91-1)*H91,-H91) -> 1.8648 | L91: =IF(J91="w",(K91/100*2),0) -> 0.037296 | M91: =K91-L91 -> 1.827504
F92: 0-3 | G92: 7.2 | H92: 0.333 | J92: L | K92: =IF(J92="w",(G92-1)*H92,-H92) -> -0.333 | L92: =IF(J92="w",(K92/100*2),0) -> 0 | M92: =K92-L92 -> -0.333
F93: 0-4 | G93: 10 | H93: 0.333 | J93: L | K93: =IF(J93="w",(G93-1)*H93,-H93) -> -0.333 | L93: =IF(J93="w",(K93/100*2),0) -> 0 | M93: =K93-L93 -> -0.333
B94: 30 | C94: =C91 -> 46198 | D94: GROUP | E94: ECUADOR V GERMANY | F94: 0-1 | G94: 8.8 | H94: 0.333 | I94: 2-1 | J94: L | K94: =IF(J94="w",(G94-1)*H94,-H94) -> -0.333 | L94: =IF(J94="w",(K94/100*2),0) -> 0 | M94: =K94-L94 -> -0.333
F95: 0-2 | G95: 10 | H95: 0.333 | J95: L | K95: =IF(J95="w",(G95-1)*H95,-H95) -> -0.333 | L95: =IF(J95="w",(K95/100*2),0) -> 0 | M95: =K95-L95 -> -0.333
F96: 0-3 | G96: 13.5 | H96: 0.333 | J96: L | K96: =IF(J96="w",(G96-1)*H96,-H96) -> -0.333 | L96: =IF(J96="w",(K96/100*2),0) -> 0 | M96: =K96-L96 -> -0.333
B97: 31 | C97: =C94+1 -> 46199 | D97: GROUP | E97: NORWAY V FRANCE | F97: 1-2 | G97: 9 | H97: 0.333 | I97: 1-4 | J97: L | K97: =IF(J97="w",(G97-1)*H97,-H97) -> -0.333 | L97: =IF(J97="w",(K97/100*2),0) -> 0 | M97: =K97-L97 -> -0.333
F98: 1-3 | G98: 14.5 | H98: 0.333 | J98: L | K98: =IF(J98="w",(G98-1)*H98,-H98) -> -0.333 | L98: =IF(J98="w",(K98/100*2),0) -> 0 | M98: =K98-L98 -> -0.333
F99: 2-2 | G99: 19 | H99: 0.333 | J99: L | K99: =IF(J99="w",(G99-1)*H99,-H99) -> -0.333 | L99: =IF(J99="w",(K99/100*2),0) -> 0 | M99: =K99-L99 -> -0.333
B100: 32 | C100: =C97 -> 46199 | D100: GROUP | E100: CAPE VERDE V SAUDI ARABIA | F100: 1-0 | G100: 9.2 | H100: 0.333 | I100: 0-0 | J100: L | K100: =IF(J100="w",(G100-1)*H100,-H100) -> -0.333 | L100: =IF(J100="w",(K100/100*2),0) -> 0 | M100: =K100-L100 -> -0.333
F101: 1-1 | G101: 7.2 | H101: 0.333 | J101: L | K101: =IF(J101="w",(G101-1)*H101,-H101) -> -0.333 | L101: =IF(J101="w",(K101/100*2),0) -> 0 | M101: =K101-L101 -> -0.333
F102: 2-1 | G102: 12 | H102: 0.333 | J102: L | K102: =IF(J102="w",(G102-1)*H102,-H102) -> -0.333 | L102: =IF(J102="w",(K102/100*2),0) -> 0 | M102: =K102-L102 -> -0.333
...

Sheet PXCS - CHART
B2: PR0-XCS - 'WORLD CUP 2026': DAILY RESULTS
B4: Match # | C4: Day Points: Profit / Loss | D4: Acc Points
B5: 0 | C5: 0 | D5: 0
B6: 1 | C6: =SUM('PXCS - Results'!M7:M9) -> 1.161504 | D6: =D5+C6 -> 1.161504
B7: 2 | C7: =SUM('PXCS - Results'!M10:M12) -> -0.999 | D7: =D6+C7 -> 0.162504
B8: 3 | C8: =SUM('PXCS - Results'!M13:M15) -> 1.553112 | D8: =D7+C8 -> 1.715616
B9: 4 | C9: =SUM('PXCS - Results'!M16:M18) -> -0.999 | D9: =D8+C9 -> 0.716616
B10: 5 | C10: =SUM('PXCS - Results'!M19:M21) -> -0.999 | D10: =D9+C10 -> -0.282384
B11: 6 | C11: =SUM('PXCS - Results'!M22:M24) -> 1.61838 | D11: =D10+C11 -> 1.335996
B12: 7 | C12: =SUM('PXCS - Results'!M25:M27) -> -0.999 | D12: =D11+C12 -> 0.336996
B13: 8 | C13: =SUM('PXCS - Results'!M28:M30) -> -0.999 | D13: =D12+C13 -> -0.662004
B14: 9 | C14: =SUM('PXCS - Results'!M31:M33) -> -0.999 | D14: =D13+C14 -> -1.661004
B15: 10 | C15: =SUM('PXCS - Results'!M34:M36) -> -0.999 | D15: =D14+C15 -> -2.660004
B16: 11 | C16: =SUM('PXCS - Results'!M37:M39) -> 4.06593 | D16: =D15+C16 -> 1.405926
B17: 12 | C17: =SUM('PXCS - Results'!M40:M42) -> 5.53446 | D17: =D16+C17 -> 6.940386
B18: 13 | C18: =SUM('PXCS - Results'!M43:M45) -> -0.999 | D18: =D17+C18 -> 5.941386
B19: 14 | C19: =SUM('PXCS - Results'!M46:M48) -> -0.999 | D19: =D18+C19 -> 4.942386
B20: 15 | C20: =SUM('PXCS - Results'!M49:M51) -> 1.487844 | D20: =D19+C20 -> 6.43023
B21: 16 | C21: =SUM('PXCS - Results'!M52:M54) -> -0.999 | D21: =D20+C21 -> 5.43123
B22: 17 | C22: =SUM('PXCS - Results'!M55:M57) -> 1.814184 | D22: =D21+C22 -> 7.245414
B23: 18 | C23: =SUM('PXCS - Results'!M58:M60) -> 1.161504 | D23: =D22+C23 -> 8.406918
B24: 19 | C24: =SUM('PXCS - Results'!M61:M63) -> -0.999 | D24: =D23+C24 -> 7.407918
B25: 20 | C25: =SUM('PXCS - Results'!M64:M66) -> -0.999 | D25: =D24+C25 -> 6.408918
B26: 21 | C26: =SUM('PXCS - Results'!M67:M69) -> -0.999 | D26: =D25+C26 -> 5.409918
B27: 22 | C27: =SUM('PXCS - Results'!M70:M72) -> -0.999 | D27: =D26+C27 -> 4.410918
B28: 23 | C28: =SUM('PXCS - Results'!M73:M75) -> 1.487844 | D28: =D27+C28 -> 5.898762
B29: 24 | C29: =SUM('PXCS - Results'!M76:M78) -> 1.226772 | D29: =D28+C29 -> 7.125534
B30: 25 | C30: =SUM('PXCS - Results'!M79:M81) -> -0.999 | D30: =D29+C30 -> 6.126534
B31: 26 | C31: =SUM('PXCS - Results'!M82:M84) -> -0.999 | D31: =D30+C31 -> 5.127534
B32: 27 | C32: =SUM('PXCS - Results'!M85:M87) -> 2.5974 | D32: =D31+C32 -> 7.724934
B33: 28 | C33: =SUM('PXCS - Results'!M88:M90) -> 2.009988 | D33: =D32+C33 -> 9.734922
B34: 29 | C34: =SUM('PXCS - Results'!M91:M93) -> 1.161504 | D34: =D33+C34 -> 10.896426
B35: 30 | C35: =SUM('PXCS - Results'!M94:M96) -> -0.999 | D35: =D34+C35 -> 9.897426
B36: 31 | C36: =SUM('PXCS - Results'!M97:M99) -> -0.999 | D36: =D35+C36 -> 8.898426
B37: 32 | C37: =SUM('PXCS - Results'!M100:M102) -> -0.999 | D37: =D36+C37 -> 7.899426
B38: 33 | C38: =SUM('PXCS - Results'!M103:M105) -> 2.43423 | D38: =D37+C38 -> 10.333656
B39: 34 | C39: =SUM('PXCS - Results'!M106:M108) -> 1.487844 | D39: =D38+C39 -> 11.8215
B40: 35 | C40: =SUM('PXCS - Results'!M109:M111) -> -0.999 | D40: =D39+C40 -> 10.8225
B41: 36 | C41: =SUM('PXCS - Results'!M112:M114) -> 1.161504 | D41: =D40+C41 -> 11.984004
B42: 37 | C42: =SUM('PXCS - Results'!M115:M117) -> 2.140524 | D42: =D41+C42 -> 14.124528
B43: 38 | C43: =SUM('PXCS - Results'!M118:M120) -> -0.999 | D43: =D42+C43 -> 13.125528
B44: 39 | C44: =SUM('PXCS - Results'!M121:M123) -> 1.161504 | D44: =D43+C44 -> 14.287032
B45: 40 | C45: =SUM('PXCS - Results'!M124:M126) -> 2.27106 | D45: =D44+C45 -> 16.558092
B46: 41 | C46: =SUM('PXCS - Results'!M127:M129) -> 2.43423 | D46: =D45+C46 -> 18.992322
B47: 42 | C47: =SUM('PXCS - Results'!M130:M132) -> 0 | D47: =D46+C47 -> 18.992322
B48: 43 | C48: =SUM('PXCS - Results'!M133:M135) -> 0 | D48: =D47+C48 -> 18.992322
B49: 44 | C49: =SUM('PXCS - Results'!M136:M138) -> 0 | D49: =D48+C49 -> 18.992322
B50: 45 | C50: =SUM('PXCS - Results'!M139:M141) -> 0 | D50: =D49+C50 -> 18.992322
B51: 46 | C51: =SUM('PXCS - Results'!M142:M144) -> 0 | D51: =D50+C51 -> 18.992322
B52: 47 | C52: =SUM('PXCS - Results'!M145:M147) -> 0 | D52: =D51+C52 -> 18.992322
B53: 48 | C53: =SUM('PXCS - Results'!M148:M150) -> 0 | D53: =D52+C53 -> 18.992322
B54: 49 | C54: =SUM('PXCS - Results'!M151:M153) -> 0 | D54: =D53+C54 -> 18.992322
B55: 50 | C55: =SUM('PXCS - Results'!M154:M156) -> 0 | D55: =D54+C55 -> 18.992322
B56: 51 | C56: =SUM('PXCS - Results'!M157:M159) -> 0 | D56: =D55+C56 -> 18.992322
B57: 52 | C57: =SUM('PXCS - Results'!M160:M162) -> 0 | D57: =D56+C57 -> 18.992322
B58: 53 | C58: =SUM('PXCS - Results'!M161:M163) -> 0 | D58: =D57+C58 -> 18.992322
B59: 54 | C59: =SUM('PXCS - Results'!M162:M164) -> 0 | D59: =D58+C59 -> 18.992322
B60: 55 | C60: =SUM('PXCS - Results'!M163:M165) -> 0 | D60: =D59+C60 -> 18.992322
B61: 56 | C61: =SUM('PXCS - Results'!M164:M166) -> 0 | D61: =D60+C61 -> 18.992322
B62: 57 | C62: =SUM('PXCS - Results'!M165:M167) -> 0 | D62: =D61+C62 -> 18.992322
B63: 58 | C63: =SUM('PXCS - Results'!M166:M168) -> 0 | D63: =D62+C63 -> 18.992322
B64: 59 | C64: =SUM('PXCS - Results'!M167:M169) -> 0 | D64: =D63+C64 -> 18.992322
B65: 60 | C65: =SUM('PXCS - Results'!M168:M170) -> 0 | D65: =D64+C65 -> 18.992322
B66: 61 | C66: =SUM('PXCS - Results'!M169:M171) -> 0 | D66: =D65+C66 -> 18.992322
